 Dungeon Crawl Stone Soup version 0.20.1-1-g8b1a95d (webtiles) character file.

8496 Darkell the Nimble (level 11, -3/52 HPs)
             Began as a Felid Transmuter on July 4, 2017.
             Was an Elder of Sif Muna.
             Slain by a deep elf knight
             ... wielding a +0 scimitar
              (13 damage)
             ... on level 10 of the Dungeon.
             The game lasted 00:26:14 (12464 turns).

Darkell the Nimble (Felid Transmuter)              Turns: 12464, Time: 00:26:14

Health: -3/52      AC:  2    Str:  9    XL:     11   Next: 10%
Magic:  1/20       EV: 26    Int: 15    God:    Sif Muna [****..]
Gold:   450        SH:  0    Dex: 17    Spells: 11/21 levels left
                                        Lives:  0   Deaths: 3

rFire    . . .     SeeInvis +     - Unarmed
rCold    + . .     Gourm    .   (shield unavailable)
rNeg     . . .     Faith    .   (armour unavailable)
rPois    +         Spirit   .   (helmet unavailable)
rElec    .         Reflect  .   (cloak unavailable)
rCorr    .         Harm     .   (gloves unavailable)
MR       +....     Rnd*Tele +   (boots unavailable)
Stlth    +.........             i - amulet of regeneration
Regen    0.6/turn               K - ring of poison resistance
MPRegen  0.2/turn               o - ring of protection from cold

@: blade paws, studying Ice Magic, quick
A: no armour, no weapons or thrown items, stealth, claws 1, fangs 3, see
invisible, carnivore 3, speed 1, mutation resistance 1, shaggy fur 2, slow
metabolism 1, teleportitis 1, no potion heal 1, MP-powered wands
a: End Transformation, Divine Energy, Channel Magic, Forget Spell, Renounce
Religion


You were on level 10 of the Dungeon.
You worshipped Sif Muna.
Sif Muna was greatly pleased with you.
You were completely stuffed.
You had blades for front paws.
You visited 3 branches of the dungeon, and saw 12 of its levels.
You also visited: Sewer and Bailey.

You collected 450 gold pieces.

Inventory:

Missiles
 a - 179 arrows
Jewellery
 d - an uncursed ring of positive energy
 i - an amulet of regeneration (around neck)
 o - a ring of protection from cold (right scythe-like blade)
 q - an uncursed ring of flight
 J - an uncursed ring of ice
 K - a ring of poison resistance (left scythe-like blade)
Wands
 k - a wand of confusion (30/48)
 r - a wand of flame (23/48)
 w - a wand of scattershot (4/9)
 y - a wand of lightning (6/15)
 I - a wand of iceblast (8/15)
 L - a wand of paralysis (10/24)
Scrolls
 e - a scroll of blinking
 f - a scroll of magic mapping
 g - 8 scrolls of identify
 h - 2 scrolls of teleportation
 l - 2 scrolls of fear
 n - 2 scrolls of immolation
 p - 3 scrolls of remove curse
 u - 2 scrolls of fog
 B - a scroll of amnesia
 F - a scroll of recharging
Potions
 m - 2 potions of agility
 s - 3 potions of heal wounds
 t - 3 potions of might
 v - 4 potions of flight
 G - 4 potions of haste
 H - 3 potions of berserk rage
 M - 6 potions of curing
Books
 b - a book of Changes

   Spells                             Type                      Level
   a - Beastly Appendage              Transmutation                1
   b - Sticks to Snakes               Transmutation                2
   c - Spider Form                    Transmutation/Poison         3
   d - Ice Form                       Ice/Transmutation            4
   e - Blade Hands                    Transmutation                5
 j - a manual of Ice Magic
Comestibles
 c - 5 meat rations
 D - 7 royal jellies


   Skills:
 + Level 8.8 Fighting
 + Level 10.8 Dodging
 + Level 9.0 Unarmed Combat
 + Level 5.8 Spellcasting
 - Level 10.7 Transmutations


You had 11 spell levels left.
You knew the following spells:

 Your Spells              Type           Power        Failure   Level  Hunger
b - Sticks to Snakes      Tmut           #####...     10%         2    #......
c - Spider Form           Tmut/Pois      ###.......   32%         3    ###....
d - Blade Hands           Tmut           #####.....   32%         5    ######.


Dungeon Overview and Level Annotations

Branches:
Dungeon (10/15)            Temple (1/1) D:5            Lair (1/6) D:9
    Orc: D:9-12

Altars:
Ashenzari
Cheibriados
Elyvilon
Fedhas
Gozag
Hepliaklqana
Kikubaaqudgha
Makhleb
Nemelex Xobeh
Okawaru
Qazlal
Ru
Sif Muna
Trog
Uskayaw
Vehumet
Xom
Yredelemnul
Zin
The Shining One

Shops:
D:10 !

Annotations:
D:10 Harold


Innate Abilities, Weirdness & Mutations

You cannot wear armour.
You are incapable of wielding weapons or throwing items.
Your paws allow you to move quietly. (Stealth)
You have sharp claws.
You have razor-sharp teeth.
You have supernaturally acute eyesight. (SInv)
You are carnivorous and can eat meat at any time.
You cover ground quickly.
You are covered in thick fur. (AC +2)
You have a slow metabolism.
((Your sharp claws are effective at attacking unaware monsters.))
You are somewhat resistant to further mutation.
You are occasionally teleported next to monsters.
Potions are less effective at restoring your health.
You expend magic power (3 MP) to strengthen your wands.


Message History

Your adder misses the deep elf knight.
Your ball python bites Harold.
Your ball python constricts Harold.
The deep elf knight barely misses you.
Unknown command.
You struggle against the net.
Your water moccasin misses the deep elf knight.
Your adder bites the deep elf knight.
Harold struggles to escape constriction.
A sling bullet appears from out of your range of vision.
The sling bullet hits your ball python!!
Your ball python dies!
The deep elf knight hits you with a scimitar!!
* * * LOW HITPOINT WARNING * * *
Your water moccasin bites the deep elf knight!
The deep elf knight looks as sick as possible!
Your water moccasin poisons the deep elf knight!
Your adder barely misses the deep elf knight.
You shred the net and break free!
Your water moccasin closely misses the deep elf knight.
The deep elf knight hits you with a scimitar!
You die...

................................#
...............[....(..........##
...................(..........##
....................(........##
............................##
..................@......##
...............S........@.
..............Se..........
............@.......#..#
....................
####################


You could see Harold, a deep elf knight, a friendly water moccasin and a
friendly adder.

Vanquished Creatures
  The ghost of Kosschaser the Cleaver, a novice HOBe of Trog (D:7)
  2 spiny frogs
  2 hornets
  Grinder (D:5)
  A hippogriff (D:7)
  5 yaks (D:10)
  A vampire (D:10)
  A basilisk (D:9)
  4 hogs
  A human (D:10)
  A hungry ghost (D:10)
  A soldier ant (D:7)
  Duvessa (D:5)
  3 porcupines (D:9)
  6 black bears
  4 orc warriors
  4 ice beasts
  4 sky beasts
  3 phantoms
  2 wolves
  5 ogres
  2 centaurs
  6 crocodiles
  The ghost of ShornTheSheep the Skirmisher, an amateur GrBe of Trog (D:3)
  4 big kobolds
  7 bullfrogs
  A wyvern zombie (D:8)
  A water moccasin zombie (D:8)
  Dowan (D:5)
  2 scorpions
  12 killer bees
  3 wights (D:9)
  6 howler monkeys
  9 crimson imps
  3 hounds
  A quasit (D:7)
  A bullfrog zombie (D:7)
  5 orc priests
  10 orc wizards
  Crazy Yiuf (D:4)
  A bullfrog skeleton (D:9)
  2 jellies
  9 iguanas
  5 worker ants
  A hound zombie (D:5)
  10 adders
  4 gnolls
  A river rat (Sewer)
  3 shadow imps
  7 oozes
  An adder zombie (D:6)
  An adder skeleton (D:5)
  3 worms
  12 leopard geckos
  43 orcs
  9 bats
  3 giant cockroaches
  6 goblins
  4 hobgoblins
  3 jackals
  4 quokkas
  2 ball pythons
  2 frilled lizards
  A jackal zombie (D:5)
  10 kobolds
  A quokka zombie (D:5)
  6 rats
283 creatures vanquished.

Vanquished Creatures (collateral kills)
  Erica (D:10)
  A goblin (D:7)
2 creatures vanquished.

Vanquished Creatures (others)
  2 fungi
  2 plants (D:9)
4 creatures vanquished.

Grand Total: 289 creatures vanquished

Notes
Turn   | Place    | Note
-------+----------+-------------------------------------------
     0 | D:1      | Darkell the Felid Transmuter began the quest for the Orb.
     0 | D:1      | Reached XP level 1. HP: 9/9 MP: 4/4
   581 | D:1      | Reached XP level 2. HP: 11/12 MP: 4/6
  1367 | D:2      | Reached XP level 3. HP: 6/16 MP: 7/7
  1737 | D:2      | Learned a level 2 spell: Sticks to Snakes
  1741 | D:2      | Learned a level 3 spell: Spider Form
  2310 | D:3      | Found a shimmering altar of Xom.
  2343 | D:3      | Reached XP level 4. HP: 4/19 MP: 2/8
  2403 | D:3      | Noticed ShornTheSheep's ghost (amateur GrBe)
  2543 | D:4      | Found a glowing drain.
  2579 | Sewer    | Entered a sewer
  2744 | Sewer    | Noticed a big kobold
  2745 | Sewer    | Noticed a big kobold
  2758 | Sewer    | Killed a big kobold
  2758 | Sewer    | Reached XP level 5. HP: 12/24 MP: 3/9
  2977 | Sewer    | Gained mutation: You are covered in thick fur. (AC +2) [Felid growth]
  2977 | Sewer    | Reached XP level 6. HP: 25/28 MP: 0/10
  3163 | Sewer    | Reached skill level 5 in Dodging
  3538 | D:4      | Found a runed door.
  3863 | D:4      | Noticed Crazy Yiuf
  3869 | D:4      | Killed Crazy Yiuf
  3869 | D:4      | Reached XP level 7. HP: 31/31 MP: 7/11
  3916 | D:5      | Entered Level 5 of the Dungeon
  4118 | D:5      | Found a staircase to the Ecumenical Temple.
  4263 | D:5      | Reached skill level 5 in Unarmed Combat
  4263 | D:5      | Reached skill level 5 in Transmutations
  4355 | D:5      | Gained mutation: Potions are less effective at restoring your health. [mutagenic meat]
  4356 | D:5      | Gained mutation: Potions are poor at restoring your health. [mutagenic meat]
  4357 | D:5      | Gained mutation: Your body sometimes deteriorates upon taking damage. [mutagenic meat]
  4358 | D:5      | Gained mutation: You are clumsy. (Dex -2) [mutagenic meat]
  4360 | D:5      | Gained mutation: You are frail. (-10% HP) [mutagenic meat]
  4363 | Temple   | Entered the Ecumenical Temple
  4635 | Temple   | Became a worshipper of Sif Muna the Loreminder
  4666 | D:5      | Noticed Duvessa
  4666 | D:5      | Noticed Dowan
  4688 | D:5      | Killed Duvessa
  4688 | D:5      | Reached XP level 8. HP: 20/32 MP: 7/12
  4699 | D:5      | Killed Dowan
  4699 | D:5      | Reached skill level 5 in Fighting
  4829 | D:5      | Learned a level 5 spell: Blade Hands
  5297 | D:5      | Noticed Grinder
  5303 | D:5      | Paralysed by Grinder for 4 turns
  5307 | D:5      | Slain by Grinder
  5308 | D:5      | Reached XP level 7. HP: -4/29 MP: 11/11
  5502 | D:6      | Slain by an orc warrior
  5503 | D:6      | Reached XP level 6. HP: -4/27 MP: 7/10
  5849 | D:6      | Reached XP level 7. HP: 12/30 MP: 1/11
  6835 | D:6      | Reached XP level 8. HP: 25/34 MP: 8/12
  7290 | D:7      | Reached * piety under Sif Muna
  7314 | D:7      | Found a flagged portal.
  7376 | Bailey   | Entered a bailey
  7425 | Bailey   | Found an iron altar of Okawaru.
  7425 | Bailey   | Noticed a kobold demonologist
  7425 | Bailey   | Noticed a kobold demonologist
  7438 | Bailey   | Noticed a hellwing
  7636 | D:7      | Noticed Kosschaser's ghost (novice HOBe)
  7680 | D:7      | Noticed a hippogriff
  7704 | D:7      | Killed a hippogriff
  7884 | D:7      | Reached XP level 9. HP: 37/37 MP: 9/13
  7885 | D:7      | Reached ** piety under Sif Muna
  8030 | D:7      | Killed Kosschaser's ghost
  8030 | D:7      | Reached skill level 10 in Transmutations
  8248 | D:7      | Lost mutation: You are frail. (-10% HP) [potion of mutation]
  8248 | D:7      | Lost mutation: You are clumsy. (Dex -2) [potion of mutation]
  8248 | D:7      | Gained mutation: You possess an exceptional clarity of mind. [potion of mutation]
  8248 | D:7      | Gained mutation: Your flesh is heat resistant. (rF+) [potion of mutation]
  9110 | D:8      | Reached *** piety under Sif Muna
  9147 | D:8      | Found a hide-covered altar of Uskayaw.
  9381 | D:8      | Reached XP level 10. HP: 30/47 MP: 10/15
  9679 | D:9      | Found a staircase to the Lair.
  9690 | D:9      | HP: 2/47 [ice beast (3)]
  9706 | D:9      | Slain by an ice beast
  9707 | D:9      | Reached XP level 9. HP: -1/43 MP: 14/14
  9714 | D:9      | Found a blossoming altar of Fedhas.
 10354 | D:9      | Reached XP level 10. HP: 29/48 MP: 12/17
 10675 | D:5      | Killed Grinder
 10835 | D:3      | Killed ShornTheSheep's ghost
 10954 | Lair:1   | Entered Level 1 of the Lair of Beasts
 10954 | Lair:1   | Noticed a spiny frog
 10961 | D:9      | Killed a spiny frog
 10996 | Lair:1   | Noticed a spiny frog
 11003 | Lair:1   | Killed a spiny frog
 11096 | Lair:1   | Reached skill level 10 in Dodging
 11142 | Lair:1   | Lost mutation: Potions are poor at restoring your health. [potion of mutation]
 11142 | Lair:1   | Lost mutation: Your body sometimes deteriorates upon taking damage. [potion of mutation]
 11142 | Lair:1   | Lost mutation: You possess an exceptional clarity of mind. [potion of mutation]
 11142 | Lair:1   | Lost mutation: Your flesh is heat resistant. (rF+) [potion of mutation]
 11142 | Lair:1   | Gained mutation: You are occasionally teleported next to monsters. [potion of mutation]
 11142 | Lair:1   | Gained mutation: You expend magic power (3 MP) to strengthen your wands. [potion of mutation]
 11142 | Lair:1   | Gained mutation: You are somewhat resistant to further mutation. [potion of mutation]
 11321 | D:10     | Entered Level 10 of the Dungeon
 11530 | D:10     | Reached **** piety under Sif Muna
 11537 | D:10     | Reached skill level 5 in Spellcasting
 12009 | D:10     | Found Uricuvab's Distillery.
 12109 | D:10     | Noticed Erica
 12110 | D:10     | Noticed Harold
 12169 | D:10     | Killed Erica
 12169 | D:10     | Reached XP level 11. HP: 29/52 MP: 1/20
 12454 | D:10     | Noticed a deep elf knight
 12464 | D:10     | Slain by a deep elf knight

Skill      XL: |  1  2  3  4  5  6  7  8  9 10 11 |
---------------+----------------------------------+-----
Dodging        | 3 4 5 8 9 10 | 10.8
Fighting       | 2 3 6 5 7 8 |  8.8
Transmutations | 3 4 6 9 10 | 10.7
Unarmed Combat | 4 6 5 8 9 |  9.0
Spellcasting   | 4 5 |  5.8

Action                   |  1- 3 |  4- 6 |  7- 9 | 10-12 || total
-------------------------+-------+-------+-------+-------++-------
Melee: Unarmed           |   101 |   181 |   609 |   172 ||  1063
       Headbutt          |     6 |     5 |     4 |       ||    15
       Bite              |     5 |     7 |     8 |    15 ||    35
       Punch             |     3 |     1 |     3 |     2 ||     9
 Cast: Beastly Appendage |    14 |     3 |     4 |       ||    21
       Spider Form       |     1 |    16 |    50 |     1 ||    68
       Sticks to Snakes  |       |     2 |     5 |    16 ||    23
       Blade Hands       |       |       |    21 |    27 ||    48
 Abil: End Transformatio |       |       |       |     1 ||     1
  Use: Scroll            |       |       |     3 |    12 ||    15
       Potion            |       |       |    11 |     2 ||    13
 Stab: Sleeping          |     8 |       |     2 |       ||    10
  Eat: Chunk             |     9 |     7 |    49 |    20 ||    85
Armor: Skin              |     5 |     4 |    20 |     6 ||    35
Dodge: Dodged            |    92 |   141 |   586 |   158 ||   977
